 Dungeon Crawl Stone Soup version 0.17-a0-1115-g0372368 (console) character file.

2969 Monkaria the Carver (level 9, -2/69 HPs)
             Began as a Demonspawn Chaos Knight on May 23, 2015.
             Hit by a stone thrown by a big kobold (3 damage)
             ... on level 8 of the Dungeon.
             The game lasted 00:17:39 (8087 turns).

Monkaria the Carver (Demonspawn Chaos Knight)       Turns: 8087, Time: 00:17:39

Health: -2/69      AC: 12    Str: 13    XL:     9   Next: 52%
Magic:  9/9        EV: 11    Int: 14    God:    Xom [....*.]
Gold:   259        SH:  0    Dex: 13    Spells: 0 memorised, 8 levels left

rFire  + . .     SeeInvis .     M - +0 great sword (slice)
rCold  . . .     Clarity  .     b - +2 leather armour
rNeg   . . .     SustAt   .     (no shield)
rPois  .         Gourm    .     (helmet restricted)
rElec  .         Spirit   .     C - +0 cloak
rCorr  .         Warding  .     (no gloves)
rMut   .         Stasis   .     (no boots)
MR     .....                    S - amulet of rage
Stlth  +.........               y - +4 ring of protection
                                n - ring of poison resistance

@: exhausted, about to teleport, vulnerable, poison vulnerable, very slightly
contaminated, hasted and slowed, not resistant to hostile enchantments, very
unstealthy
A: horns 2, molten scales 1, fire resistance 1, magic resistance 1, powered by
pain 1, weak 1, wild magic 1, evolution 1, rot immunity, MP-powered wands
a: Renounce Religion, Evoke Berserk Rage


You were on level 8 of the Dungeon.
You worshipped Xom.
You were a beloved toy of Xom.
You were near starving.

You visited 1 branch of the dungeon, and saw 8 of its levels.

You collected 504 gold pieces.
You spent 245 gold pieces at shops.

Inventory:

Hand weapons
 a - a +1 falchion of chaos
 I - a +0 blowgun
 M - a +0 great sword of slicing (weapon)
 P - a -3 great sword
Missiles
 k - 2 throwing nets (quivered)
 D - 45 poisoned needles
 F - 2 curare-tipped needles
Armour
 b - a +2 leather armour (worn)
 C - a +0 cloak (worn)
Jewellery
 n - a ring of poison resistance (left hand)
 u - an uncursed ring of see invisible
 v - an uncursed ring of wizardry
 y - a +4 ring of protection (right hand)
 J - an uncursed ring of magical power
 N - an uncursed ring of invisibility
 Q - an uncursed ring of sustain attributes
 S - an amulet of rage (around neck)
Magical devices
 w - a wand of teleportation (4)
 G - a wand of slowing (25)
 L - a wand of enslavement (9)
 T - a wand of fireball (7)
Scrolls
 d - 5 scrolls of teleportation
 h - 2 scrolls of enchant weapon
 i - 4 scrolls of remove curse
 o - 4 scrolls of random uselessness {unknown}
 p - 4 scrolls of fear {unknown}
 r - 2 scrolls of fog
 s - 2 scrolls of noise
 A - a scroll of immolation
 B - a scroll of blinking
 K - a scroll of amnesia {unknown}
 O - a scroll of magic mapping {unknown}
Potions
 e - a potion of invisibility
 g - 2 potions of agility
 m - a potion of lignification
 x - 2 potions of brilliance
 z - 2 potions of magic
 R - a potion of ambrosia {unknown}
Books
 t - a book of Necromancy

   Spells                             Type                      Level
   a - Pain                           Necromancy                   1
   b - Animate Skeleton               Necromancy                   1
   c - Vampiric Draining              Necromancy                   3
   d - Regeneration                   Charms/Necromancy            3
   e - Animate Dead                   Necromancy                   4
   f - Control Undead                 Necromancy                   4
Comestibles
 c - 2 bread rations
 f - 3 meat rations
 l - 9 fruits
 q - 2 royal jellies


   Skills:
 - Level 6.0 Fighting
 - Level 10.1 Long Blades
 + Level 5.9 Armour
 - Level 0.8 Dodging


You had 8 spell levels left.
You didn't know any spells.

Dungeon Overview and Level Annotations

Branches:
Dungeon (8/15)             Temple (0/1) D:6
   Lair: D:8-11

Altars:
Ashenzari
Cheibriados
Elyvilon
Makhleb
Okawaru
Qazlal
Ru
Sif Muna
Zin

Shops:
D:4 *   D:7 %


Innate Abilities, Weirdness & Mutations

You have a pair of horns on your head.
You are partially covered in molten scales (AC +1).
You sometimes gain a little power by taking damage.
You are immune to rotting.
Your flesh is heat resistant.
You are resistant to hostile enchantments.
You are weak. (Str -2)
Your spells are a little harder to cast, but a little more powerful.
You evolve.
You expend magic power (3 MP) to strengthen your wands.


Message History

The big kobold closely misses you. x2
The big kobold hits you with a dagger.
* * * LOW HITPOINT WARNING * * *
The kobold closely misses you.
Unknown command.
Read which item? (? for menu, Esc to quit)
Blink to where?
Press: ? - help, Dir - move target cursor
As you read the scroll labeled HUNIAHERESO, it crumbles to dust.
It was a scroll of blinking.
Xom's attention turns to you for a moment.
You feel more vulnerable to poison.
You are now a beloved toy of Xom.
The kobold throws a stone.
The stone hits you but does no damage.
The kobold throws a stone.
The stone closely misses you.
Read which item? (? for menu, Esc to quit)
As you read the scroll of teleportation, it crumbles to dust.
You feel strangely unstable.
The big kobold throws a stone.
The stone hits you.
You die...
Xom snickers!

...............KK.)#
................KKK#
...............KKK(#
#...###..##...##K.K#
#...###..##'####K..#
......)..'.........#
.........#(........#
.........#.........#
+######'##K#####@..#
.........#K., *#...#
.........#K.K ....#
.........#K.KK#....#
.........#K...#....#
.........#KKK.#....#
+####+####K...##...#
....#


You could see 5 big kobolds and 4 kobolds.

Vanquished Creatures
  The ghost of Monkaria the Slasher, an average DsCK of Xom (D:4)
  Duvessa (D:4)
  An ice beast (D:7)
  5 ogres (D:5)
  A black bear (D:6)
  3 sky beasts
  A phantom (D:6)
  A brain worm (shapeshifter) (D:5)
  A centaur (D:5)
  A giant frog (D:6)
  A wyvern zombie (D:7)
  4 big kobolds (D:8)
  Dowan (D:4)
  4 crimson imps
  3 hounds
  A giant frog zombie (D:4)
  2 orc wizards (D:5)
  A jelly (D:6)
  Crazy Yiuf (D:4)
  A giant frog skeleton (D:6)
  A gnoll shaman (D:5)
  3 orc priests (D:5)
  A centaur skeleton (D:5)
  8 worker ants
  2 hound skeletons
  9 adders
  6 gnolls (D:5)
  A shadow imp (D:3)
  A worm (D:2)
  6 giant geckos
  10 orcs
  15 goblins
  7 hobgoblins
  19 jackals
  16 kobolds
  9 quokkas
  4 ball pythons
  14 bats
  8 giant cockroaches
  2 giant newts
  A quokka skeleton (D:4)
  10 rats
188 creatures vanquished.

Vanquished Creatures (collateral kills)
  A hobgoblin (D:4)
  A goblin (D:4)
2 creatures vanquished.

Grand Total: 190 creatures vanquished

Notes
Turn   | Place    | Note
--------------------------------------------------------------
     0 | D:1      | Monkaria the Demonspawn Chaos Knight began the quest for the Orb.
     0 | D:1      | Reached XP level 1. HP: 18/18 MP: 1/1
   287 | D:1      | XOM: butterfly on damage
   568 | D:1      | Gained mutation: You are partially covered in molten scales (AC +1). [demonic ancestry]
   568 | D:1      | Reached XP level 2. HP: 17/24 MP: 2/2
  1090 | D:2      | Reached skill level 4 in Fighting
  1164 | D:2      | Found a stormy altar of Qazlal.
  1233 | D:2      | Reached XP level 3. HP: 28/30 MP: 3/3
  1246 | D:2      | Noticed Jessica
  1288 | D:2      | Noticed Jessica
  1288 | D:2      | Jessica changed into Jessica the bat
  1291 | D:2      | Killed Jessica the bat
  1488 | D:2      | Found a deep blue altar of Sif Muna.
  1690 | D:2      | XOM: colour smoke trail
  1742 | D:2      | XOM: divination: magic mapping
  2170 | D:3      | XOM: enchant monster (bad)
  2189 | D:3      | Gained mutation: You sometimes gain a little power by taking damage. [demonic ancestry]
  2189 | D:3      | Reached XP level 4. HP: 30/38 MP: 4/4
  2219 | D:3      | Reached skill level 5 in Fighting
  2753 | D:4      | Noticed Duvessa
  2753 | D:4      | Noticed Dowan
  2897 | D:4      | XOM: potion effect (agility)
  2905 | D:4      | XOM: potion effect (berserk rage)
  2916 | D:4      | Killed Duvessa
  2916 | D:4      | Gained mutation: You have a pair of small horns on your head. [demonic ancestry]
  2916 | D:4      | Reached XP level 5. HP: 39/44 MP: 5/5
  2919 | D:4      | Killed Dowan
  2919 | D:4      | Reached XP level 6. HP: 39/51 MP: 6/6
  2925 | D:4      | Noticed Monkaria's ghost (average DsCK)
  2929 | D:4      | Found Itazolu's Assorted Antiques.
  2937 | D:4      | XOM: harmless Fire miscast
  2943 | D:4      | XOM: cast spell 'Confusing Touch'
  2945 | D:4      | XOM: divination: magic mapping
  2956 | D:4      | XOM: potion effect (curing)
  2967 | D:4      | XOM: silly message
  2968 | D:4      | XOM: cast spell 'Blink'
  2972 | D:4      | XOM: summons friendly hellwing
  3001 | D:4      | Killed Monkaria's ghost
  3001 | D:4      | Reached skill level 5 in Long Blades
  3380 | D:4      | Bought a scratched moonstone ring for 95 gold pieces
  3380 | D:4      | Bought a smoky brown potion for 17 gold pieces
  3425 | D:4      | Found a burning altar of Makhleb.
  3427 | D:4      | Noticed a cacodemon
  3450 | D:4      | Reached skill level 6 in Long Blades
  3450 | D:4      | Reached XP level 7. HP: 47/56 MP: 7/7
  3508 | D:4      | Noticed Crazy Yiuf
  3531 | D:4      | Killed Crazy Yiuf
  4000 | D:4      | Found a glowing silver altar of Zin.
  4001 | D:4      | Noticed an angel
  4051 | D:4      | Found a sacrificial altar of Ru.
  4053 | D:4      | Found a snail-covered altar of Cheibriados.
  4147 | D:5      | Entered Level 5 of the Dungeon
  4149 | D:5      | XOM: potion effect (haste)
  4263 | D:5      | Reached skill level 7 in Long Blades
  4479 | D:5      | XOM: polymorph goblin -> kobold
  4483 | D:5      | Reached skill level 8 in Long Blades
  4483 | D:5      | Gained mutation: You are immune to rotting. [demonic ancestry]
  4483 | D:5      | Reached XP level 8. HP: 23/63 MP: 8/8
  4601 | D:5      | Gained mutation: You have a pair of horns on your head. [mutagenic meat]
  4612 | D:5      | XOM: vitrification
  4744 | D:5      | XOM: enchant monster (bad)
  4766 | D:5      | XOM: mild Divn miscast
  4769 | D:5      | Reached skill level 9 in Long Blades
  4791 | D:5      | Gained mutation: You are dopey. (Int -2) [mutagenic meat]
  4792 | D:5      | Gained mutation: You evolve. [mutagenic meat]
  4793 | D:5      | Lost mutation: You have a pair of horns on your head. [mutagenic meat]
  4794 | D:5      | Gained mutation: Your flesh is heat resistant. [mutagenic meat]
  4867 | D:5      | XOM: swap monsters
  4983 | D:4      | XOM: silly message
  5015 | D:4      | XOM: scenery: 1 doors close
  5099 | D:5      | XOM: harmless Air miscast
  5129 | D:5      | XOM: cast spell 'Blink'
  5137 | D:5      | XOM: smoke on damage
  5205 | D:5      | XOM: summons friendly shadow imp
  5488 | D:5      | Lost mutation: You are dopey. (Int -2) [evolution]
  5511 | D:5      | XOM: harmless Pois miscast
  5742 | D:6      | XOM: harmless Erth miscast
  5752 | D:6      | Reached skill level 10 in Long Blades
  5759 | D:6      | Found a staircase to the Ecumenical Temple.
  5962 | D:6      | Found a shattered altar of Ashenzari.
  6018 | D:6      | XOM: summons 4 friendly demons
  6029 | D:6      | Gained mutation: You have a pair of horns on your head. [demonic ancestry]
  6029 | D:6      | Reached XP level 9. HP: 49/69 MP: 9/9
  6176 | D:4      | Bought a scroll labeled QOD ZOBROCAE for 19 gold pieces
  6176 | D:4      | Bought a scroll labeled ROTTIU JE BUECS for 19 gold pieces
  6176 | D:4      | Bought a scroll labeled DIL OCSOGUXITH for 19 gold pieces
  6176 | D:4      | Bought a scroll labeled DIL OCSOGUXITH for 19 gold pieces
  6176 | D:4      | Bought a scroll labeled ROTTIU JE BUECS for 19 gold pieces
  6176 | D:4      | Bought a scroll labeled MIMAAFFIJ for 19 gold pieces
  6176 | D:4      | Bought a scroll labeled AMPANKEMAMM for 19 gold pieces
  6724 | D:6      | Gained mutation: You expend magic power (3 MP) to strengthen your wands. [mutagenic meat]
  6725 | D:6      | Gained mutation: You are resistant to hostile enchantments. [mutagenic meat]
  6726 | D:6      | Gained mutation: Your spells are a little harder to cast, but a little more powerful. [mutagenic meat]
  6727 | D:6      | Gained mutation: You are weak. (Str -2) [mutagenic meat]
  6906 | D:7      | Found a white marble altar of Elyvilon.
  7167 | D:7      | Found an iron altar of Okawaru.
  7292 | D:7      | XOM: enchant monster (bad)
  7314 | D:7      | Found Weubeimi's Food Emporium.
  7744 | D:7      | Reached skill level 5 in Armour
  7810 | D:7      | XOM: mild Conj miscast
  7935 | D:8      | XOM: harmless Tloc miscast
  8032 | D:8      | XOM: fog
  8039 | D:8      | XOM: noise
  8046 | D:8      | XOM: mild Trmt miscast
  8069 | D:8      | XOM: enchant monster (good)
  8070 | D:8      | XOM: swap monsters
  8077 | D:8      | XOM: divination: magic mapping
  8082 | D:8      | HP: 2/69 [big kobold/dagger (4)]
  8086 | D:8      | XOM: medium Pois miscast
  8087 | D:8      | Hit by a stone thrown by a big kobold

Vault maps used:
D:1:      nicolae_arrival_somewhat_less_tricky_arrival
D:2:      led_sif_pool, grunt_qazlal_clouds, uniq_jessica
D:3:      first_bread
D:4:      grunt_temple_overflow_order_and_chaos_2,
          gammafunk_temple_overflow_pools, serial_shops, shop,
          uniq_crazy_yiuf_cottage, uniq_duvessa
D:6:      minmay_temple_entry_glass, kennysheep_flooded_box, st_stairs_10
D:7:      elyvilon_altar_3, basic_altar, serial_shops, nicolae_shop_stone
D:8:      special_room, grunt_pizzeria, grunt_ashenzari_visionary

Action                   |  1- 3 |  4- 6 |  7- 9 || total
-------------------------+-------+-------+-------++-------
Melee: Falchion          |   203 |   151 |   361 ||   715
       Great sword       |       |       |    90 ||    90
 Abil: Evoke Berserk Rag |       |       |     1 ||     1
  Use: Potion            |       |     1 |     6 ||     7
       Scroll            |       |       |    17 ||    17
 Stab: Confused          |     2 |     1 |       ||     3
       Sleeping          |     1 |       |       ||     1
       Paralysed         |       |     6 |    10 ||    16
       Petrifying        |       |       |     3 ||     3
       Petrified         |       |       |     1 ||     1
  Eat: Chunk             |     4 |     5 |    22 ||    31
       Pizza             |       |       |     1 ||     1
       Beef jerky        |       |       |     1 ||     1
